 Dungeon Crawl Stone Soup version 0.17-a0-1685-g57e755e (webtiles) character file.

19 Gorice the Skirmisher (level 2, 0/20 HPs)
             Began as an Octopode Wanderer on Aug 19, 2015.
             Slain by a gnoll
             ... wielding a +0 halberd
              (14 damage)
             ... on level 1 of the Dungeon.
             The game lasted 00:02:26 (626 turns).

Gorice the Skirmisher (Octopode Wanderer)            Turns: 626, Time: 00:02:26

Health: 0/20       AC:  1    Str: 11    XL:     2   Next: 75%
Magic:  3/3        EV: 11    Int: 14    God:
Gold:   6          SH:  0    Dex: 11    Spells: 0 memorised, 3 levels left

rFire  . . .     SeeInvis .     a - +2 hand axe
rCold  . . .     Clarity  .     (no shield)
rNeg   . . .     SustAt   .     (helmet restricted)
rPois  .         Gourm    .     (no amulet)
rElec  .         Spirit   .     (no ring)
rCorr  .         Warding  .     (no ring)
rMut   .         Stasis   .     (no ring)
MR     .....                    (no ring)
Stlth  ++........               (no ring)
                                (no ring)
                                (no ring)
                                (no ring)

@: not resistant to hostile enchantments, unstealthy
A: almost no armour, amphibious, 8 rings, constrict 8, camouflage 1, gelatinous
body 1
a: no special abilities


You were on level 1 of the Dungeon.
You were not hungry.

You visited 1 branch of the dungeon, and saw 1 of its levels.

You collected 6 gold pieces.

Inventory:

Hand weapons
 a - a +2 hand axe (weapon)
 f - a +0 spear
Missiles
 k - 5 javelins (quivered)
 Z - 2 stones
Scrolls
 g - a scroll of magic mapping {unknown}
 i - a scroll of teleportation {unknown}
 j - a scroll of identify {unknown}
Potions
 c - a potion of lignification {!q}
 e - a potion of agility {unknown}
Books
 b - the Catalogue of Dislocation

   Spells                             Type                      Level
   a - Apportation                    Translocation                1
   b - Teleport Other                 Translocation                3
Comestibles
 d - a bread ration {!e}
 h - 6 chunks of flesh


   Skills:
 + Level 2.5 Fighting
 * Level 2.0 Axes
   Level 2.0 Shields
 - Level 1.0 Spellcasting
   Level 2.0 Transmutations
   Level 2.0 Ice Magic


You had 3 spell levels left.
You didn't know any spells.

Dungeon Overview and Level Annotations

Branches:
Dungeon (1/15)

Altars:


Innate Abilities, Weirdness & Mutations

You cannot wear most types of armour.
You are amphibious.
You can wear up to eight rings at the same time.
You can use your tentacles to constrict eight enemies at once.
Your skin changes colour to match your surroundings (Stealth).
Your rubbery body absorbs attacks (AC +1).


Message History

The goblin is moderately wounded.
The goblin hits you with a dagger.
Damage: 1 (max 3)
You hit the goblin.
You kill the goblin!
Your Axes skill increases to level 2!
The kobold throws a stone.
The stone hits you.
Damage: 2 (max 3)
There is an open door, spattered with blood here.
Things that are here:
a dagger; a goblin corpse; a bat corpse You hit the kobold.
Your grab misses the kobold.
The kobold is severely wounded.
The kobold closely misses you.
You hit the kobold but do no damage. You grab the kobold.
The kobold is severely wounded.
You constrict the kobold.
You kill the kobold!
No target in view!
Z - 2 stones (gained 1)
There is an open door, spattered with blood here.
Things that are here:
a dagger; a goblin corpse; a bat corpse Butcher a goblin corpse? [(y)es/(c)hop/(n)o/(a)ll/(q)uit/?]
You butcher the goblin corpse.
You butcher the bat corpse.
h - 6 chunks of flesh (gained 3);
h - 7 chunks of flesh (gained 1)
There is an open door, spattered with blood here.
You see here a dagger.
You see here a dagger.
You now have 6 gold pieces.
You see here 6 javelins.
k - 6 javelins Quiver which item? (- for none, * to show all) (? for menu, Esc to quit)
Quivering
k - 6 javelins for throwing.
Some of the chunks of flesh in your inventory have rotted away.
The bat is too close now for your liking.
The gnoll shouts!
The bat hits you.
Damage: 1 (max 1)
You hit the bat.
You kill the bat!
Throwing (i - inventory. (,) - cycle):
k - 6 javelins (quivered)
Press: ? - help, Shift-Dir - straight line, f - gnoll
Aim: a gnoll, wielding a halberd You throw a javelin.
The javelin hits the gnoll!
The gnoll is severely wounded.
The gnoll hits you from afar with a halberd!
Ouch! That really hurt!
You die...

.#...... ....
......#.......
#.#...#...# ..
.....#...##.##
............ ..
######..g..#.#..####.#.
..................
..... #.@...#....#
#.#.. #.###.# #..#
#.#.. #.###.#
#..####.##. #...# .
#.......... #.###
#.#....#..... #.#
#.#..#)##.#..
#.#####....#.##....
#.....###.##.##)..#
#.##### #.##.##.###


You could see a gnoll.

Vanquished Creatures
  A ball python (D:1)
  4 bats (D:1)
  A giant cockroach (D:1)
  4 goblins (D:1)
  2 jackals (D:1)
  2 kobolds (D:1)
  4 rats (D:1)
18 creatures vanquished.

Notes
Turn   | Place    | Note
--------------------------------------------------------------
     0 | D:1      | Gorice the Octopode Wanderer began the quest for the Orb.
     0 | D:1      | Gorice set off with: a +2 hand axe, the Catalogue of Dislocation, a potion of lignification {!q}, a bread ration {!e}
     0 | D:1      | Reached XP level 1. HP: 14/14 MP: 2/2
     0 | D:1      | Identified the Catalogue of Dislocation
    32 | D:1      | HP: 4/14 [goblin/club (2)]
   310 | D:1      | Reached XP level 2. HP: 19/19 MP: 3/3
   571 | D:1      | Reached skill level 2 in Axes
   626 | D:1      | Slain by a gnoll

Vault maps used:
D:1:      minmay_arrival_statue_studded, minmay_misc_feat_doors,
          minmay_misc_feat_plants, minmay_misc_feat_roman

Action                   || total
-------------------------++-------
Melee: Hand axe          ||    33
Throw: Javelin           ||     1
 Stab: Sleeping          ||     4

Table legend:
 A = Turns spent in this place as a percentage of turns spent in the entire game.
 B = Non-inter-level travel turns spent in this place as a percentage of non-inter-level travel turns spent in the entire game.
 C = Inter-level travel turns spent in this place as a percentage of turns spent in this place.
 D = Turns resting spent in this place as a percentage of non-inter-level travel turns spent in this place.
 E = Turns spent auto-exploring this place as a percentage of non-inter-level travel turns spent in this place.
 F = Non-inter-level travel turns spent in this place divided by the number of levels of this place that you've seen.
                   A       B       C       D       E      F
               +-------+-------+-------+-------+-------+----------------------
         Total | 100.0 | 100.0 |   0.0 |   1.0 |   5.4 | 203.0
       Dungeon | 100.0 | 100.0 |   0.0 |   1.0 |   5.4 | 203.0
               +-------+-------+-------+-------+-------+----------------------

Vault maps used:
D:1:      minmay_arrival_statue_studded, minmay_misc_feat_doors,
          minmay_misc_feat_plants, minmay_misc_feat_roman
